 Dungeon Crawl Stone Soup version 0.28-a0-1387-g3a22ab9bdc (webtiles) character file.

Game seed: 6455048756297953243

275 dolemite99 the Chiller (level 6, -1/61 HPs)
             Began as a Demonspawn Ice Elementalist on Jan 2, 2022.
             Slain by a killer bee (6 damage)
             ... on level 4 of the Dungeon.
             The game lasted 00:05:46 (5633 turns).

dolemite99 the Chiller (DsIE)                       Turns: 5633, Time: 00:05:47

Health: -1/61      AC: 23    Str:  8    XL:     6   Next: 3%
Magic:  2/9        EV:  2    Int: 19    God:
Gold:   116        SH:  0    Dex: 13    Spells: 5/9 levels left

rFire   . . .      SeeInvis .   j - +1 dagger (flame)
rCold   . . .      Faith    .   (no shield)
rNeg    . . .      Spirit   .   (armour currently unavailable)
rPois   +          Reflect  .   (helmet currently unavailable)
rElec   .          Harm     .   (cloak currently unavailable)
rCorr   .          Rampage  .   (gloves currently unavailable)
Will    .....      NoTele   +   (boots currently unavailable)
Stlth   ++........              (no amulet)
HPRegen 0.20/turn               (no ring)
MPRegen 0.11/turn               (no ring)

@: lethally poisoned (-1 -> -6), tree-form, freezing walls
A: stationary, stasis, torment immunity, boosted hp, (antennae 2), (weakness
stinger 1), (demonic touch 1)
a: no special abilities


You were on level 4 of the Dungeon.
You were a tree.
You visited 1 branch of the dungeon, and saw 4 of its levels.

You collected 116 gold pieces.

Inventory:

Hand Weapons
 e - a +0 whip
 g - a +0 dagger
 j - a +1 dagger of flaming (weapon)
Missiles
 c - 165 stones
 k - 17 sling bullets
 l - 47 poisoned darts (quivered)
 n - 21 bolts
 x - 24 arrows
Armour
 a - a +0 robe (melded)
 h - a +0 pair of gloves (melded)
 t - a +1 robe of the Archmagi
Scrolls
 b - 2 scrolls of immolation
 d - 2 scrolls of enchant armour {unknown}
 f - 2 scrolls of teleportation
 r - a scroll of summoning {unknown}
 v - a scroll of brand weapon {unknown}
 w - a scroll of acquirement {unknown}
Potions
 i - a potion of curing
 o - a potion of degeneration {unknown}
 p - a potion of brilliance {unknown}
 q - a potion of haste {unknown}
 s - 2 potions of mutation
 u - a potion of resistance {unknown}


   Skills:
 - Level 1.7 Dodging
 - Level 1.7 Stealth
 - Level 2.0 Spellcasting
 + Level 6.7 Ice Magic


You had 5 spell levels left.
You knew the following spells:

 Your Spells              Type           Power      Damage    Failure   Level
a - Freeze                Ice            100%       1d11      1%          1
b - Frozen Ramparts       Ice            54%        1d7       3%          3

Your spell library contained the following spells:

 Spells                   Type           Power      Damage    Failure   Level
 Ozocubu's Armour         Ice            27%        N/A       3%          3
 Ensorcelled Hibernation  Hex/Ice        28%        N/A       6%          2
 Passwall                 Tmut/Erth      0%         N/A       26%         2
 Hailstorm                Conj/Ice       14%        3d5       38%         4
 Gell's Gravitas          Tloc           1%         N/A       45%         3
 Swiftness                Air            1%         N/A       45%         3
 Teleport Other           Tloc           1%         N/A       45%         3
 Tukima's Dance           Hex            1%         N/A       45%         3
 Dispersal                Tloc           0%         N/A       100%        6
 Enfeeble                 Hex            0%         N/A       100%        7


Dungeon Overview and Level Annotations

Branches:
Dungeon (4/15)
 Temple: D:4-7

Altars:


Innate Abilities, Weirdness & Mutations

You are a tree.
Your roots penetrate the ground, keeping you stationary.
You cannot be teleported.
You are immune to unholy pain and torment.
Your maximum health is greatly increased.
Your equipment is partially melded.
((You have a pair of antennae on your head.))
((You have a small tail.))
((Your touch may inflict minor irresistible damage on your foes.))


Message History

The wall freezes the killer bee. x2; The killer bee closely misses you.
Casting: Freeze (safe; 1% risk of failure)
Confirm with . or Enter, or press ? or * to list all spells.
Aiming: Freeze (safe; 1% risk of failure)
Press: ? - help, Shift-Dir - straight line, f/p - killer bee
Aim: a killer bee (almost dead)
You freeze the killer bee!
You kill the killer bee!
You feel very sick.
The wall freezes the killer bee. x4; The killer bee barely misses you.
Casting: Freeze (safe; 1% risk of failure)
Confirm with . or Enter, or press ? or * to list all spells.
Aiming: Freeze (safe; 1% risk of failure)
Press: ? - help, Shift-Dir - straight line, f - killer bee
Aim: a killer bee (almost dead)
You freeze the killer bee.
You kill the killer bee!
You feel very sick.
The wall freezes the killer bee.
The wall freezes the killer bee but does no damage.
The killer bee stings you!
* * * LOW HITPOINT WARNING * * *
You are more poisoned.
The killer bee poisons you!
You have reached level 6!
Your demonic ancestry asserts itself...
Your hands begin to faintly glow with unholy energy.
You feel better.
The wall freezes the killer bee.
The killer bee stings you!
* * * LOW HITPOINT WARNING * * *
You are lethally poisoned!
The killer bee poisons you!
The wall freezes the killer bee.
The killer bee stings you.
* * * LOW HITPOINT WARNING * * *
Really quaff the potion of lignification?
You turn into a tree.
Your +0 pair of gloves melds into your body.
Your +0 robe melds into your body.
Your roots penetrate the ground.
* * * LOW HITPOINT WARNING * * *
You feel sick.
The wall freezes the killer bee.
The killer bee stings you.
You die...

...
..#
#.#
#.#
#.#
#.#
#y#
#♣#
#.#
#.#
#.####
#....#
####.#
#.#
#.#
#.#


You could see a killer bee.

Vanquished Creatures
  2 killer bees (D:4)
  A hound (D:3)
  Jessica (D:3)
  4 adders
  3 worms (D:2)
  2 dart slugs
  4 orcs
  2 endoplasms (D:3)
  A giant cockroach (D:2)
  6 goblins
  7 hobgoblins
  4 kobolds
  4 quokkas
  4 ball pythons
  5 bats
  6 frilled lizards
  3 rats (D:3)
59 creatures vanquished.

Vanquished Creatures (collateral kills)
  An orc wizard (D:3)
1 creature vanquished.

Grand Total: 60 creatures vanquished

Notes
Turn   | Place    | Note
-------+----------+-------------------------------------------
     0 | D:1      | dolemite99 the Demonspawn Ice Elementalist began the quest
                  | for the Orb.
     0 | D:1      | Reached XP level 1. HP: 13/13 MP: 3/3
   478 | D:1      | Reached skill level 4 in Ice Magic
   660 | D:1      | Discovered your monstrous ancestry.
   660 | D:1      | Gained mutation: You have a pair of small antennae on your
                  | head. [demonic ancestry]
   660 | D:1      | Reached XP level 2. HP: 19/19 MP: 1/5
   926 | D:1      | Found a faded altar of an unknown god.
  2679 | D:2      | Reached XP level 3. HP: 11/24 MP: 1/6
  3047 | D:2      | Learned a level 3 spell: Frozen Ramparts
  3772 | D:2      | Reached skill level 5 in Ice Magic
  4035 | D:3      | Gained mutation: You have a small tail. [demonic ancestry]
  4035 | D:3      | Reached XP level 4. HP: 26/30 MP: 2/7
  4402 | D:3      | Noticed Jessica
  4412 | D:3      | Killed Jessica
  4582 | D:3      | Gained mutation: You have a pair of antennae on your head.
                  | [demonic ancestry]
  4582 | D:3      | Reached XP level 5. HP: 30/35 MP: 2/8
  5059 | D:3      | Reached skill level 6 in Ice Magic
  5632 | D:4      | Gained mutation: Your touch may inflict minor irresistible
                  | damage on your foes. [demonic ancestry]
  5632 | D:4      | Reached XP level 6. HP: 7/41 MP: 2/9
  5633 | D:4      | Slain by a killer bee

Illustrated notes

Levels and vault maps discovered:
D:1:      amcnicky_arrival_underground_garden, layout_basic,
          shapermc_ecumenical_altar_acropolis, feat_on_display
D:2:      layout_rooms, minmay_pentomino_s4
D:3:      layout_rooms, dk_noncrumbling_4, chequers_mini_garden,
          kennysheep_jessica_study
D:4:      layout_loops_ring, minmay_temple_entry_proselytizer,
          uniq_blork_the_orc, uniq_natasha

Skill      XL: |  1  2  3  4  5 |
---------------+----------------+-----
Ice Magic      | 4 5 6 |  6.7
Dodging        | |  1.7
Stealth        | |  1.7
Spellcasting   | |  2.0

Action                   |  1- 3 |  4- 6 || total
-------------------------+-------+-------++-------
Melee: Unarmed           |     1 |       ||     1
       Dagger            |    11 |    19 ||    30
       Tailslap          |       |     1 ||     1
Throw: Dart              |     1 |       ||     1
 Cast: Freeze            |    58 |    31 ||    89
       Frozen Ramparts   |     1 |     5 ||     6
  Use: Scroll            |     1 |     4 ||     5
       Potion            |       |     2 ||     2
 Stab: Sleeping          |     1 |     1 ||     2
Armor: Robe              |    13 |     8 ||    21
Dodge: Dodged            |    38 |    45 ||    83

Table legend: (Time is in decaauts)
 A = Elapsed time spent in this place.
 B = Non-inter-level travel time spent in this place.
 C = Inter-level travel time spent in this place.
 D = Time resting spent in this place.
 E = Time spent auto-exploring this place.
 F = Levels seen in this place.
 G = Mean time per level.
                   A        B        C        D        E       F      G
               +--------+--------+--------+--------+--------+-----+--------+
         Total |   5632 |   5530 |    102 |   3011 |   1793 |   4 | 1408.0 |
       Dungeon |   5632 |   5530 |    102 |   3011 |   1793 |   4 | 1408.0 |
               +--------+--------+--------+--------+--------+-----+--------+

Top non-repeatable levels by time:
     D:2: 2247 daAuts
     D:1: 1760 daAuts
     D:3: 1575 daAuts
     D:4: 48 daAuts
